 Dungeon Crawl Stone Soup version 0.31-a0-344-gd109795599 (webtiles) character file.

Game seed: 10146029132025037741

96 LeprechaunX the Ruffian (level 4, -3/28 HPs)
             Began as an Octopode Shapeshifter on July 21, 2023.
             Slain by GiantSquids's ghost (9 damage)
             ... on level 3 of the Dungeon.
             The game lasted 00:04:33 (2714 turns).

LeprechaunX the Ruffian (Octopode Shapeshifter)     Turns: 2714, Time: 00:04:33

Health: -3/28      AC:  1    Str: 16    XL:     4   Next: 67%
Magic:  4/4        EV: 13    Int: 10    God:
Gold:   145        SH:  0    Dex: 12    Spells: 3/3 levels left

rFire   + . .        a - +6 sling "Plog" {drain, rPois rF+}
rCold   . . .        (no shield)
rNeg    . . .        (helmet currently unavailable)
rPois   +            (no amulet)
rElec   .            g - ring of flight
rCorr   .            (no ring)
SInv    .            (no ring)
Will    .....        (no ring)
Stlth   ++           (no ring)
HPRegen 0.24/turn    (no ring)
MPRegen 0.09/turn    (no ring)
                     (no ring)

%: no passive effects
@: beast-form, flying
A: beast (slay +2), almost no armour, amphibious, 8 rings, camouflage 1,
gelatinous body 1, (nimble swimmer 1), tentacles
a: Begin Untransformation


You were on level 3 of the Dungeon.
You were a hulking beast.
You visited 1 branch of the dungeon, and saw 3 of its levels.

You collected 145 gold pieces.

Inventory:

Hand Weapons
 a - the +6 sling "Plog" (weapon) {drain, rPois rF+}
   (You found it on level 2 of the Dungeon)

   rF:        It protects you from fire.
   rPois:     It protects you from poison.
 n - a +3 dagger of speed
Jewellery
 g - a ring of flight (left tentacle)
Talismans
 b - a beast talisman
 p - a blade talisman
Scrolls
 c - 5 scrolls of teleportation {unknown}
 d - 2 scrolls of identify {unknown}
 f - a scroll of enchant armour {unknown}
 h - a scroll of vulnerability {unknown}
 i - a scroll of amnesia {unknown}
 j - a scroll of torment {unknown}
 l - a scroll of butterflies {unknown}
 o - a scroll of fog {unknown}
Potions
 e - a potion of berserk rage {unknown}
 k - a potion of lignification
 m - a potion of curing {unknown}


   Skills:
 - Level 1.0 Fighting
 + Level 0.3 Ranged Weapons
 - Level 2.0 Dodging
 * Level 4.5 Unarmed Combat
 + Level 3.6 Shapeshifting


You had 3 spell levels left.
You didn't know any spells.
Your spell library contained the following spells:

 Spells                   Type           Power      Damage    Failure   Level
 Stone Arrow              Conj/Erth      0%         3d7       75%         3
 Leda's Liquefaction      Hex/Erth       0%         N/A       98%         4
 Agony                    Necr           0%         N/A       100%        5


Dungeon Overview and Level Annotations

Branches:
Dungeon (3/15)

Altars:

Annotations:
D:3 1 transporter, GiantSquids's ghost, amateur OpSh


Innate Abilities, Weirdness & Mutations

You are a hulking beast.
Your limbs bulge with bestial killing power. (Slay +2)
You cannot wear most types of armour.
You are amphibious.
You can wear up to eight rings at the same time.
Your skin changes colour to match your surroundings (Stealth+).
Your rubbery body absorbs attacks. (AC +1, EV +1)
((You are camouflaged when in or above water. (Stealth+)))
You have tentacles for arms and can constrict up to eight enemies at once.


Message History

n - a +3 dagger of speed
There is a transporter here.
Press: ? - help, v - describe, . - travel The floor.
There is a transporter landing site here.
You start waiting.
GiantSquids's ghost shouts, "Do you think the gods will protect you?"
GiantSquids's ghost grins evilly.
Done waiting.
There is a transporter landing site here.
GiantSquids's ghost screams, "Don't try to defend!
You have no chance!"
There is a transporter here.
There is a transporter here.
There is a transporter here.
There is a transporter here.
There is a transporter here.
There is a transporter here.
There is a transporter here.
There is a transporter landing site here.
There is a transporter here.
There is a transporter here.
GiantSquids's ghost wails, "You must not succeed where I failed!"
There is a transporter here.
There is a transporter here.
There is a transporter here.
You enter the transporter and appear at another place.
You see here a scroll labelled AKECUX CEAB.
o - a scroll labelled AKECUX CEAB GiantSquids's ghost wails, "I was like you once."
The hornet zombie hits you. The bullfrog zombie hits you.
You see here a blade talisman.
p - a blade talisman The hornet zombie hits you.
The bullfrog zombie hits you but does no damage.
The bullfrog zombie hits you. The hornet zombie hits you!
* * * LOW HITPOINT WARNING * * *
The bullfrog zombie hits you.
* * * LOW HITPOINT WARNING * * *
GiantSquids's ghost hits you!
You die...

#.#).....# ########
#.#......#
##########.########
#.................#
#.................#
#..#############..#
#..#..........©#..###
#..#...........#..#.#
#..#..###.###.h#....##
#..#..#8#.#8#W.#.....#
##..#.........ZZ#..##.#
#..©#.....©.....#©.##.######
#...#..........)#..##......#
#...#..#8#.#8#..#..#######.#
#...#..###.###..#..# #.#
#...#...........#..# #.#
#...#.).........#..#######.##


You could see GiantSquids's ghost, a bullfrog zombie and a hornet zombie.

Vanquished Creatures
  An adder (D:2)
  3 worms
  3 dart slugs
  5 orcs (D:3)
  3 bats
  5 endoplasms
  2 giant cockroaches
  6 goblins
  3 hobgoblins
  8 jackals (D:2)
  5 kobolds
  2 quokkas
  4 ball pythons
  4 frilled lizards (D:1)
  8 rats
62 creatures vanquished.

Notes
Turn   | Place    | Note
-------+----------+-------------------------------------------
     0 | D:1      | LeprechaunX the Octopode Shapeshifter began the quest for
                  | the Orb.
     0 | D:1      | Reached XP level 1. HP: 13/13 MP: 1/1
   139 | D:1      | Reached XP level 2. HP: 18/18 MP: 2/2
   244 | D:1      | You fall into a shaft and drop 1 floor!
   339 | D:2      | Reached XP level 3. HP: 15/23 MP: 3/3
   517 | D:2      | Reached skill level 4 in Unarmed Combat
   815 | D:1      | Reached XP level 4. HP: 26/28 MP: 4/4
  1272 | D:2      | Identified the +6 sling "Plog" {drain, rPois rF+}
  1336 | D:2      | Found a faded altar of an unknown god.
  2100 | D:3      | Got the Papyrus of Sepulchral Tephra
  2282 | D:3      | Found a transporter.
  2305 | D:3      | Found a transporter.
  2308 | D:3      | Noticed GiantSquids's ghost (amateur OpSh)
  2714 | D:3      | Slain by GiantSquids's ghost

Illustrated notes

Levels and vault maps discovered:
D:1:      mrwooster_arrival_arrow, layout_loops_corners
D:2:      layout_loops_cross, dilly_ecumenical_altar_fadedgnrine,
          hangedman_decor_riveting
D:3:      layout_basic, gammafunk_ghost_mausoleum

Skill      XL: |  1  2  3 |
---------------+----------+-----
Unarmed Combat | 4 |  4.5
Fighting       | |  1.0
Ranged Weapons | |  0.3
Dodging        | |  2.0
Shapeshifting  | |  3.6

Action                     |  1- 3 |  4- 6 || total
---------------------------+-------+-------++-------
  Melee: Unarmed           |    64 |    13 ||    77
         Tentacles         |    11 |     1 ||    12
         Constrict         |    16 |     4 ||    20
   Fire: Sling             |       |    19 ||    19
   Stab: Sleeping          |     9 |     2 ||    11
 Armour: Skin              |    12 |     3 ||    15
  Dodge: Dodged            |    23 |     3 ||    26

Table legend: (Time is in decaauts)
 A = Elapsed time spent in this place.
 B = Non-inter-level travel time spent in this place.
 C = Inter-level travel time spent in this place.
 D = Time resting spent in this place.
 E = Time spent auto-exploring this place.
 F = Levels seen in this place.
 G = Mean time per level.
                   A        B        C        D        E       F      G
               +--------+--------+--------+--------+--------+-----+--------+
         Total |   2714 |   2543 |    171 |    100 |   1910 |   3 |  904.7 |
       Dungeon |   2714 |   2543 |    171 |    100 |   1910 |   3 |  904.7 |
               +--------+--------+--------+--------+--------+-----+--------+

Top non-repeatable levels by time:
     D:3: 992 daAuts
     D:1: 899 daAuts
     D:2: 822 daAuts
